 Dungeon Crawl Stone Soup version 0.23-b1-13-gf37ab262a9 (webtiles) character file.

Game seed: 14550243004022642779

10261 Oravi the Carver (level 11, -8/110 HPs)
             Began as a Naga Warper on Feb 2, 2019.
             Was a High Priest of Cheibriados.
             Killed from afar by a wizard (27 damage)
             ... with a crystal spear
             ... on level 10 of the Dungeon.
             The game lasted 01:32:24 (14633 turns).

Oravi the Carver (Naga Warper)                     Turns: 14633, Time: 01:32:24

Health: -8/110     AC: 10    Str: 25    XL:     11   Next: 59%
Magic:  15/18      EV:  8    Int: 30    God:    Cheibriados [*****.]
Gold:   614        SH: 11    Dex: 22    Spells: 4/14 levels left

rFire    . . .     SeeInvis +   a - +0 long sword
rCold    + . .     Gourm    .   P - +0 shield
rNeg     . . .     Faith    .   v - +1 ring mail
rPois    +         Spirit   .   (no helmet)
rElec    .         Reflect  .   M - +1 cloak
rCorr    .         Harm     .   E - +0 pair of gloves
MR       +....                  (no barding)
Stlth    +.........             (no amulet)
HPRegen  0.28/turn              x - ring of protection from cold
MPRegen  0.16/turn              (no ring)

@: very slow
A: large, see invisible, deformed body, poison resistance, slowness 2, slow
metabolism 1, spit poison 1, AC +3
a: Spit Poison, Bend Time, Temporal Distortion, Slouch, Step From Time, Renounce
Religion


You were on level 10 of the Dungeon.
You worshipped Cheibriados.
Cheibriados was extremely pleased with you.
You were hungry.

You visited 1 branch of the dungeon, and saw 10 of its levels.

You collected 740 gold pieces.
You spent 126 gold pieces at shops.

Inventory:

Hand Weapons
 a - a +0 long sword (weapon)
 b - a +0 hunting sling
 h - a +0 falchion
 I - a +0 rapier
 J - a +0 dagger of electrocution
Missiles
 c - 94 arrows
 e - 5 tomahawks of dispersal
 l - 246 stones (quivered)
 F - 3 tomahawks
 N - 17 poisoned needles
 O - 49 sling bullets
Armour
 n - a cursed +0 chain mail
 t - a +0 leather armour
 v - a +1 ring mail (worn)
 A - a +0 scale mail
 C - a cursed +0 robe
 D - a +0 cloak
 E - a +0 pair of gloves (worn)
 M - a +1 cloak (worn)
 P - a +0 shield (worn)
Jewellery
 g - an uncursed amulet of harm {unknown}
 x - a ring of protection from cold (left hand)
 y - the ring of the Mage {Wiz MR++ Int+3}
   (You found it on level 10 of the Dungeon)

   [ring of wizardry]

   It improves your spell success rate.
   It affects your intelligence (+3).
   It affects your resistance to hostile enchantments.
Wands
 i - a wand of flame (8)
 o - a wand of iceblast (8)
 B - a wand of disintegration (7)
 K - a wand of polymorph (8)
 L - a wand of paralysis (12)
Scrolls
 d - 2 scrolls of blinking
 j - a scroll of magic mapping
 m - 4 scrolls of random uselessness
 p - 5 scrolls of remove curse {@r2}
 s - a scroll of enchant armour
 H - a scroll of immolation {unknown}
 Q - a scroll of teleportation
 S - a scroll of brand weapon {unknown}
Potions
 k - a potion of berserk rage
 q - a potion of degeneration
 r - a potion of mutation
 u - 2 potions of heal wounds
 w - a potion of cancellation
 z - 7 potions of curing {@q1}
 G - a potion of resistance
 R - a potion of brilliance
 T - 2 potions of haste
 U - a potion of agility {unknown}
Comestibles
 f - 16 rations


   Skills:
 + Level 10.4 Fighting
 + Level 10.7 Long Blades
 - Level 0.8 Throwing
 - Level 0.7 Armour
 - Level 1.5 Dodging
 * Level 3.3 Shields
 - Level 2.0 Spellcasting
 - Level 3.0 Translocations
 - Level 10.2 Invocations


You had 4 spell levels left.
You knew the following spells:

 Your Spells              Type           Power        Failure   Level  Hunger
a - Blink                 Tloc           N/A          19%         2    ##.....
b - Shroud of Golubria    Chrm/Tloc      ##........   32%         2    ##.....
c - Gell's Gravitas       Tloc           ###.......   34%         3    ###....
d - Lesser Beckoning      Tloc           ###.......   34%         3    ###....

Your spell library contained the following spells:

 Spells                   Type           Power        Failure   Level  Hunger
 Teleport Other           Tloc           ###.....     34%         3    ###....
 Freeze                   Ice            #...         38%         1    None
 Throw Frost              Conj/Ice       #.....       52%         2    ##.....
 Passage of Golubria      Tloc           N/A          75%         4    ####...
 Ozocubu's Armour         Chrm/Ice       #.......     77%         3    ###....
 Summon Ice Beast         Ice/Summ       #.......     99%         4    ####...
 Throw Icicle             Conj/Ice       #.......     99%         4    ####...


Dungeon Overview and Level Annotations

Branches:
Dungeon (10/15)            Temple (0/1) D:6            Lair (0/6) D:9
    Orc (0/2) D:9

Altars:
Cheibriados
Dithmenos
Elyvilon
Gozag
Hepliaklqana
Kikubaaqudgha
Nemelex Xobeh
Okawaru
Qazlal
Ru
Sif Muna
Vehumet
Xom
Zin

Shops:
D:5 :[   D:9 [

Annotations:
D:7 1 runed translucent door, Crazy Yiuf
D:9 exclusions: obsidian statue, orange crystal statue and 2 more exclusions


Innate Abilities, Weirdness & Mutations

You cannot wear boots.
Your serpentine skin is tough. (AC +3)
You have supernaturally acute eyesight. (SInv)
Armour fits poorly on your strangely shaped body.
Your system is resistant to poisons. (rPois)
You cover ground very slowly.
You have a slow metabolism.
You can spit poison.


Message History

You hit the wizard.
The wizard is severely wounded.
The wizard gestures at you while chanting.
You resist. The bolt of cold hits you!!
* * * LOW HITPOINT WARNING * * *
You resist. The bolt of cold hits you!!
* * * LOW HITPOINT WARNING * * *
The wizard hits you but does no damage.
Unknown command.
Unknown command.
The flow of time bends around you.
Cheibriados rebukes the wizard.
The wizard seems to slow down.
You feel slightly more hungry.
The wizard gestures at you while chanting.
You easily resist.
You closely miss the wizard.
The wizard is severely wounded.
The wizard casts a spell at you. The crystal spear hits you!!
You die...

##§..§.).#
####§§§..§#.#
§.##§§...#.# ##
..§##.§§.#.######.
..§.##§..#........
##.§§§##..#######..
##..§§##...# ##.
##..p.##....# ##
##...@##.....# #.
#....##......## ###.
##.........#..# #...
##...........## ###.
.##...........# #..
..##.........### #..
...............#
###.
..............###...
.........###........


You could see a wizard.

Vanquished Creatures
  A two-headed ogre (D:7)
  2 wizards (D:10)
  Joseph (D:9)
  Maurice (D:8)
  A queen bee (D:9)
  2 hippogriffs
  Sigmund (D:2)
  A wyvern (D:9)
  6 yaks (D:10)
  2 basilisks (D:8)
  Menkaure (D:7)
  3 porcupines (D:8)
  A water moccasin (D:8)
  Duvessa (D:5)
  5 sky beasts
  An ice beast (D:5)
  3 black bears (D:8)
  4 orc warriors
  A phantom (D:6)
  A necrophage (D:6)
  4 ogres
  2 wolves
  3 centaurs
  A crocodile (D:8)
  4 bullfrogs
  Dowan (D:5)
  2 scorpions
  19 killer bees
  6 wights
  A vampire bat (D:4)
  2 howler monkeys (D:4)
  4 bullfrog zombies
  5 crimson imps
  A quasit (D:7)
  A centaur zombie (D:8)
  8 hounds
  2 jellies
  5 orc priests
  2 bullfrog skeletons
  Jessica (D:2)
  5 iguanas
  Natasha (thrice) (D:2)
  7 orc wizards
  3 worker ants
  A worker ant zombie (D:5)
  2 howler monkey skeletons (D:7)
  9 adders
  A shadow imp (D:9)
  2 oozes
  An adder zombie (D:8)
  2 worms
  2 dart slugs
  4 leopard geckos
  34 orcs
  5 bats
  3 bat skeletons (D:4)
  3 bat zombies (D:4)
  4 giant cockroaches
  9 goblins
  7 hobgoblins
  6 jackals
  11 kobolds
  6 quokkas
  A ball python (D:1)
  3 frilled lizards
  A giant cockroach zombie (D:5)
  A leopard gecko skeleton (D:6)
  A quokka skeleton (D:4)
  10 rats
  2 plants (D:4)
262 creatures vanquished.

Vanquished Creatures (others)
  An adder (D:6)
  A bush (D:4)
2 creatures vanquished.

Grand Total: 264 creatures vanquished

Notes
Turn   | Place    | Note
-------+----------+-------------------------------------------
     0 | D:1      | Oravi the Naga Warper began the quest for the Orb.
     0 | D:1      | Reached XP level 1. HP: 19/19 MP: 3/3
   475 | D:1      | Reached XP level 2. HP: 21/26 MP: 5/5
   479 | D:1      | Learned a level 2 spell: Blink
   519 | D:1      | Learned a level 2 spell: Shroud of Golubria
  1010 | D:1      | Reached XP level 3. HP: 27/32 MP: 6/6
  1371 | D:2      | Reached XP level 4. HP: 40/40 MP: 7/7
  1683 | D:2      | Noticed Natasha
  1695 | D:2      | Killed Natasha
  1695 | D:2      | Reached XP level 5. HP: 20/49 MP: 8/8
  1750 | D:2      | Noticed Sigmund
  1773 | D:2      | Killed Sigmund
  1773 | D:2      | Reached skill level 5 in Long Blades
  1773 | D:2      | Reached XP level 6. HP: 46/57 MP: 4/9
  1918 | D:2      | Noticed Jessica
  1931 | D:2      | Killed Jessica
  1973 | D:2      | Found a shimmering altar of Xom.
  1974 | D:2      | Found a hazy altar of Hepliaklqana.
  1974 | D:2      | Noticed a torpor snail
  1975 | D:2      | Noticed a spectral ugly thing
  1975 | D:2      | Noticed a torpor snail
  2033 | D:2      | Noticed Natasha
  2056 | D:2      | Killed Natasha
  2082 | D:2      | Found a snail-covered altar of Cheibriados.
  2090 | D:2      | Became a worshipper of Cheibriados the Contemplative
  2284 | D:2      | Noticed Natasha
  2293 | D:2      | Killed Natasha
  2429 | D:3      | Reached * piety under Cheibriados
  2429 | D:3      | Reached skill level 1 in Invocations
  2957 | D:3      | Reached XP level 7. HP: 66/66 MP: 10/10
  3467 | D:4      | Reached ** piety under Cheibriados
  3654 | D:4      | Reached skill level 5 in Fighting
  4168 | D:4      | Found an ancient bone altar of Kikubaaqudgha.
  4505 | D:5      | Entered Level 5 of the Dungeon
  4830 | D:4      | Reached *** piety under Cheibriados
  4830 | D:4      | Reached XP level 8. HP: 57/75 MP: 11/11
  5182 | D:5      | Found Gasuaral's Book Shoppe.
  5798 | D:5      | Noticed Duvessa
  5798 | D:5      | Noticed Dowan
  5811 | D:5      | Killed Duvessa
  5821 | D:5      | Killed Dowan
  5960 | D:5      | Reached skill level 5 in Invocations
  6018 | D:5      | Found Cetus's Armour Emporium.
  6212 | D:5      | Bought a +0 cloak for 63 gold pieces
  6217 | D:5      | Bought a +0 pair of gloves for 63 gold pieces
  6435 | D:6      | Reached XP level 9. HP: 64/85 MP: 13/13
  6440 | D:6      | Learned a level 3 spell: Gell's Gravitas
  6914 | D:6      | Found an opulent altar of Gozag.
  7201 | D:6      | Found a staircase to the Ecumenical Temple.
  7460 | D:6      | Found an iron altar of Okawaru.
  7462 | D:6      | Found a deep blue altar of Sif Muna.
  7482 | D:6      | Learned a level 3 spell: Lesser Beckoning
  7490 | D:6      | Found a shadowy altar of Dithmenos.
  7491 | D:6      | Found a stormy altar of Qazlal.
  7543 | D:6      | Found a sparkling altar of Nemelex Xobeh.
  7782 | D:6      | Found a white marble altar of Elyvilon.
  8006 | D:7      | Reached **** piety under Cheibriados
  8112 | D:7      | Noticed a two-headed ogre
  8119 | D:7      | Killed a two-headed ogre
  8142 | D:7      | Reached XP level 10. HP: 52/98 MP: 9/15
  8857 | D:7      | Noticed Menkaure
  8862 | D:7      | Killed Menkaure
  8981 | D:7      | Found a runed translucent door.
  8982 | D:7      | Noticed Crazy Yiuf
  9624 | D:8      | Noticed Maurice
  9636 | D:8      | Killed Maurice
  9637 | D:8      | Upgraded the game from 0.23-b1-6-ga921848b48 to
                  | 0.23-b1-13-gf37ab262a9
 10888 | D:8      | Reached skill level 10 in Long Blades
 11464 | D:9      | Reached XP level 11. HP: 102/108 MP: 18/18
 11501 | D:9      | Reached ***** piety under Cheibriados
 11727 | D:9      | Found a staircase to the Orcish Mines.
 11727 | D:9      | Found Qufat's Armour Shop.
 11758 | D:9      | Found a staircase to the Lair.
 11827 | D:9      | Noticed an orange crystal statue
 11857 | D:9      | Noticed an obsidian statue
 11911 | D:9      | Reached skill level 10 in Fighting
 12033 | D:9      | Found a sacrificial altar of Ru.
 12036 | D:9      | Found a glowing silver altar of Zin.
 12039 | D:9      | Found a radiant altar of Vehumet.
 12557 | D:8      | Reached skill level 1 in Shields
 12916 | D:9      | Noticed Joseph
 12935 | D:9      | Killed Joseph
 13442 | D:10     | Entered Level 10 of the Dungeon
 13514 | D:10     | Reached skill level 10 in Invocations
 13995 | D:10     | Found the ring of the Mage {Wiz MR++ Int+3}
 14021 | D:10     | Noticed a wizard
 14035 | D:10     | Killed a wizard
 14390 | D:10     | Noticed a wizard
 14401 | D:10     | Killed a wizard
 14617 | D:10     | Noticed a wizard
 14633 | D:10     | Killed from afar by a wizard

Skill      XL: |  1  2  3  4  5  6  7  8  9 10 11 |
---------------+----------------------------------+-----
Long Blades    | 3 4 5 6 7 8 10 | 10.7
Fighting       | 3 4 5 6 8 9 10 | 10.4
Invocations    | 1 3 5 7 9 10 | 10.2
Shields        | 3 |  3.3
Throwing       | |  0.8
Armour         | |  0.7
Dodging        | |  1.5
Spellcasting   | |  2.0
Translocations | |  3.0

Action                   |  1- 3 |  4- 6 |  7- 9 | 10-12 || total
-------------------------+-------+-------+-------+-------++-------
Melee: Falchion          |    51 |       |       |       ||    51
       Dagger            |    16 |   156 |   440 |   280 ||   892
       Long sword        |       |       |       |   197 ||   197
 Fire: Hunting sling     |       |       |   118 |   145 ||   263
Throw: Stone             |    19 |    33 |    24 |     4 ||    80
 Cast: Blink             |       |     4 |     1 |     7 ||    12
       Gell's Gravitas   |       |       |     1 |     3 ||     4
       Lesser Beckoning  |       |       |       |     1 ||     1
Invok: Bend Time         |       |       |    10 |    15 ||    25
 Abil: Spit Poison       |    15 |    15 |    24 |    31 ||    85
Evoke: Wand              |       |       |       |     6 ||     6
  Use: Potion            |       |     1 |     2 |     1 ||     4
       Scroll            |       |     4 |     8 |     5 ||    17
 Stab: Sleeping          |       |     1 |       |       ||     1
  Eat: Chunk             |     1 |     6 |    10 |    12 ||    29
       Ration            |       |       |       |     1 ||     1
Armor: Leather armour    |    10 |    28 |    33 |       ||    71
       Ring mail         |       |       |   129 |   272 ||   401
Dodge: Dodged            |    37 |    69 |   203 |   212 ||   521
Block: Shield            |       |       |       |   111 ||   111
       Rpst.: Falchion   |     9 |       |       |       ||     9
       Long sword        |       |       |       |    14 ||    14
